 Dungeon Crawl Stone Soup version 0.27-a0-760-gc38aae387d (webtiles) character file.

Game seed: 4661764179084312076

10824 Lanoc the Destroyer (level 11, -18/81 HPs)
             Began as a Purple Draconian Conjurer on Mar 25, 2021.
             Was an Elder of Sif Muna.
             Demolished by an orc warrior
             ... wielding a +0 mace
              (21 damage)
             ... on level 10 of the Dungeon.
             The game lasted 00:26:03 (14634 turns).

Lanoc the Destroyer (Purple Draconian Conjurer)    Turns: 14634, Time: 00:26:03

Health: -18/81     AC: 12    Str:  5 (7)  XL:     11   Next: 41%
Magic:  6/18       EV: 15    Int: 26 (27) God:    Sif Muna [****..]
Gold:   375        SH:  0    Dex: 10 (11) Spells: 16/19 levels left

rFire    . . .     SeeInvis .   a - +4 quarterstaff (chaos)
rCold    . . .     Faith    .   (shield currently unavailable)
rNeg     . . .     Spirit   .   (armour unavailable)
rPois    .         Reflect  .   u - +1 hat {Will+}
rElec    .         Harm     .   v - +2 cloak
rCorr    .         Rampage  .   s - +0 pair of gloves
Will     ++...                  (no boots)
Stlth    ++........             (no amulet)
HPRegen  0.23/turn              j - +6 ring of intelligence
MPRegen  0.16/turn              (no ring)

@: no status effects
A: breathe power, AC +7, unfitting armour, cold-blooded, horns 1, deterioration
1, robust 1, screaming 1, weak 1
a: Breathe Dispelling Energy, Renounce Religion, Channel Magic, Forget Spell,
Divine Exegesis


You were on level 10 of the Dungeon.
You worshipped Sif Muna.
Sif Muna was greatly pleased with you.
You visited 2 branches of the dungeon, and saw 11 of its levels.
You also visited: Ossuary and Bailey.

You collected 470 gold pieces.
You spent 95 gold pieces at shops.

Inventory:

Hand Weapons
 a - a +4 quarterstaff of chaos (weapon)
Missiles
 n - a throwing net (quivered)
 w - 7 atropa-tipped darts
Armour
 s - a +0 pair of gloves (worn)
 u - a +1 hat of willpower (worn)
 v - a +2 cloak (worn)
Magical Staves
 b - a staff of earth
Jewellery
 j - a +6 ring of intelligence (right hand)
 p - a +4 ring of slaying
 D - a ring of flight
Wands
 o - a wand of digging (4)
 r - a wand of paralysis (10)
 t - a wand of mindburst (12)
 y - a wand of flame (40)
 z - a wand of acid (8)
 E - a wand of random effects (15)
Scrolls
 d - a scroll of random uselessness {unknown}
 g - a scroll of brand weapon
 k - 4 scrolls of teleportation
 x - 3 scrolls of enchant weapon
 G - a scroll of acquirement {unknown}
 H - a scroll of immolation {unknown}
Potions
 c - 6 potions of magic
 e - 4 potions of invisibility
 f - a potion of flight
 h - 2 potions of ambrosia
 i - 8 potions of heal wounds
 l - a potion of cancellation
 m - 6 potions of curing
 q - 3 potions of brilliance
 B - 2 potions of lignification
 C - a potion of haste
 F - 2 potions of might
Miscellaneous
 A - a tin of tremorstones (2/2)


   Skills:
 + Level 11.2 Dodging
 - Level 4.2 Stealth
 - Level 4.9 Spellcasting
 + Level 12.5 Conjurations
 + Level 2.0 Invocations


You had 16 spell levels left.
You knew the following spells:

 Your Spells              Type           Power      Damage    Failure   Level
a - Magic Dart            Conj           100%       1d8       1%          1
b - Searing Ray           Conj           100%       3d7       1%          2

Your spell library contained the following spells:

 Spells                   Type           Power      Damage    Failure   Level
 Dazzling Flash           Conj/Hex       76%        N/A       1%          3
 Stone Arrow              Conj/Erth      76%        3d11      1%          3
 Fulminant Prism          Conj/Hex       19%        3d11      6%          4
 Iskenderun's Mystic Bla  Conj/Tloc      38%        2d9       6%          4
 Animate Skeleton         Necr           12%        N/A       8%          1
 Apportation              Tloc           12%        N/A       8%          1
 Corona                   Hex            6%         N/A       8%          1
 Sandblast                Erth           12%        2d6       8%          1
 Summon Small Mammal      Summ           24%        N/A       8%          1
 Passwall                 Tmut/Erth      5%         N/A       12%         2
 Petrify                  Tmut/Erth      6%         N/A       61%         4
 Lee's Rapid Deconstruct  Erth           3%         3d6*      91%         5


Dungeon Overview and Level Annotations

Branches:
Dungeon (10/15)            Temple (1/1) D:6             Orc (0/2) D:10
Ossuary (visited)          Bailey (visited)
   Lair: D:8-11

Altars:
Ashenzari
Cheibriados
Dithmenos
Elyvilon
Fedhas
Gozag
Hepliaklqana
Kikubaaqudgha
Makhleb
Nemelex Xobeh
Okawaru
Qazlal
Ru
Sif Muna
Trog
Uskayaw
Vehumet
Wu Jian
Xom
Yredelemnul
Zin
The Shining One

Shops:
D:3 ((:!*   D:5 [   D:8 !   D:9 ?

Annotations:
D:4 3 runed translucent doors, emiel's ghost, amateur FoWn


Innate Abilities, Weirdness & Mutations

You can breathe bolts of dispelling energy.
Your rich purple scales are hard. (AC +7)
You cannot fit into any form of body armour.
You are cold-blooded and may be slowed by cold attacks.
You have a pair of small horns on your head.
Your body sometimes deteriorates upon taking damage.
You are robust. (+10% HP)
You occasionally shout uncontrollably at your foes.
You are weak. (Str -2)


Message History

Casting: Searing Ray (safe; 1% risk of failure)
Confirm with . or Enter, or press ? or * to list all spells.
Aiming: Searing Ray (safe; 1% risk of failure)
Press: ? - help, Shift-Dir - straight line, f - orc knight
Aim: an orc knight, wielding a +0 great mace and wearing a +0 chain mail (moderately wounded, 19% to evade)
The searing ray hits the orc knight!
The orc knight is moderately wounded. (Press . to maintain the ray.)
The orc knight misses you.
The searing ray hits the orc knight!
The orc knight is heavily wounded.
The searing ray hits the orc warrior but does no damage.
The orc knight hits you with a +0 great mace!
The searing ray misses the orc knight.
The searing ray hits the orc warrior.
The orc warrior is lightly wounded.
The orc knight barely misses you.
The searing ray hits the orc knight!
The orc knight is severely wounded.
The searing ray hits the orc warrior!
The orc warrior is heavily wounded.
You finish channeling your searing ray.
The orc knight hits you with a +0 great mace!
Casting: Searing Ray (safe; 1% risk of failure)
Confirm with . or Enter, or press ? or * to list all spells.
Aiming: Searing Ray (safe; 1% risk of failure)
Press: ? - help, Shift-Dir - straight line, f/p - orc knight
Aim: an orc knight, wielding a +0 great mace and wearing a +0 chain mail (severely wounded, 19% to evade)
The searing ray hits the orc knight!
The orc knight is almost dead.
The searing ray hits the orc warrior!
The orc warrior is severely wounded. (Press . to maintain the ray.)
The orc knight hits you with a +0 great mace!!
Your body deteriorates!
You feel clumsy.
The searing ray misses the orc knight.
The orc knight hits you with a +0 great mace!!
* * * LOW HITPOINT WARNING * * *
The orc warrior hits you with a +0 mace!!
You die...
Xom cackles wildly!

####.#####.##...##....#
............#....'....#
............#....#....#
............#....#....#
#+######...##'####....#
.......#...##...##....+
.......#.....)..#.....#
.^.....#........#.....#
.....)))o@......#.....#
$......#o..###+##
.......##### .>.....
....... ....$.. .......
#####..


You could see an orc knight and an orc warrior (strong).

Vanquished Creatures
  Gastronok (D:8)
  Harold (D:7)
  An orc knight (Bailey)
  Prince Ribbit (D:6)
  2 wraiths
  A shadow (D:10)
  Sigmund (D:6)
  14 yaks
  An acid dragon (D:9)
  2 water moccasins
  2 orc warriors
  An ice beast (D:8)
  2 black bears (D:6)
  A hornet zombie (D:7)
  3 ogres
  2 sky beasts
  3 necrophages
  4 centaurs
  4 elf zombies (Ossuary)
  A wyvern zombie (D:5)
  4 bullfrogs
  3 scorpions
  9 killer bees
  12 wights
  3 howler monkeys
  A bullfrog zombie (D:7)
  4 centaur zombies
  3 hounds
  3 jellies
  4 orc priests
  A bullfrog skeleton (D:7)
  2 centaur skeletons
  An iguana (D:4)
  Crazy Yiuf (D:7)
  Natasha (twice) (D:4)
  6 orc wizards
  3 worker ants
  A killer bee zombie (D:8)
  A hound zombie (Ossuary)
  3 mummies (Ossuary)
  A howler monkey zombie (D:9)
  9 adders
  13 gnolls (Bailey)
  A howler monkey skeleton (D:7)
  A white imp (D:7)
  5 ufetubi
  2 adder zombies
  A worm (D:2)
  3 dart slugs
  36 orcs
  9 endoplasms
  A giant cockroach (D:1)
  A gnoll zombie (Ossuary)
  15 hobgoblins
  8 jackals
  2 quokkas
  9 ball pythons
  7 bats
  2 frilled lizards (D:1)
  9 goblins
  4 goblin zombies (Ossuary)
  5 hobgoblin zombies (Ossuary)
  4 jackal zombies (Ossuary)
  19 kobolds
  4 kobold zombies (Ossuary)
  An orc zombie (Ossuary)
  5 quokka zombies (Ossuary)
  5 rats
  4 rat zombies (Ossuary)
301 creatures vanquished.

Notes
Turn   | Place    | Note
-------+----------+-------------------------------------------
     0 | D:1      | Lanoc the Draconian Conjurer began the quest for the Orb.
     0 | D:1      | Reached XP level 1. HP: 14/14 MP: 3/3
   272 | D:1      | Reached XP level 2. HP: 20/20 MP: 3/5
   682 | D:1      | Learned a level 2 spell: Searing Ray
   890 | D:1      | Reached XP level 3. HP: 26/26 MP: 0/6
  2207 | D:2      | Reached XP level 4. HP: 33/33 MP: 0/7
  2323 | D:3      | Found Qidiguh's Book Emporium.
  2489 | D:3      | Found Zaovvaer's Weapon Shop.
  2548 | D:3      | Found Innumu's Distillery.
  2582 | D:3      | Found Cuoke's General Store.
  2621 | D:3      | Bought a potion of heal wounds for 50 gold pieces
  2849 | D:3      | Found Egorotzikk's Weapon Emporium.
  3331 | D:4      | Reached XP level 5. HP: 37/38 MP: 5/9
  3414 | D:4      | Noticed Natasha
  3417 | D:4      | Killed Natasha
  3663 | D:4      | Noticed Natasha
  3680 | D:4      | Reached skill level 5 in Conjurations
  3705 | D:4      | Reached XP level 6. HP: 31/45 MP: 0/10
  3982 | D:4      | Noticed an ice beast
  3983 | D:4      | Noticed emiel's ghost (amateur FoWn)
  4039 | D:4      | Killed Natasha
  4084 | D:4      | Found a runed translucent gate.
  4084 | D:4      | Found a runed translucent gate.
  4084 | D:4      | Found a runed translucent gate.
  4462 | D:5      | Entered Level 5 of the Dungeon
  4468 | D:5      | Noticed an orc warrior
  4475 | D:5      | Killed an orc warrior
  4476 | D:5      | Your scales start taking on a rich purple colour.
  4476 | D:5      | Reached XP level 7. HP: 50/50 MP: 1/14
  4874 | D:5      | Reached skill level 6 in Conjurations
  5039 | D:5      | Found a shimmering altar of Xom.
  5046 | D:5      | Became a worshipper of Xom of Chaos
  5293 | D:5      | XOM: 2-stop teleportation journey
  5312 | D:5      | XOM: cast spell 'Summon Small Mammal'
  5323 | D:5      | XOM: cast spell 'Olgreb's Toxic Radiance'
  5325 | D:5      | Reached skill level 5 in Dodging
  5352 | D:5      | Reached XP level 8. HP: 45/57 MP: 5/15
  5695 | D:5      | XOM: stat loss: -1 Int (25/26)
  5810 | D:5      | Found Murchur's Armour Boutique.
  5905 | D:6      | Found a bloodstained altar of Trog.
  5910 | D:6      | Reached skill level 7 in Conjurations
  6152 | D:6      | Noticed Prince Ribbit
  6154 | D:6      | XOM: confuse monster(s)
  6157 | D:6      | Killed Prince Ribbit
  6192 | D:6      | XOM: give mutations
  6192 | D:6      | Gained mutation: Your tail ends in a poisonous barb. [Xom's
                  | mischief]
  6192 | D:6      | Gained mutation: You are dopey. (Int -2) [Xom's mischief]
  6246 | D:6      | XOM: 1-stop teleportation journey
  6331 | D:6      | Reached skill level 8 in Conjurations
  6455 | D:6      | Found a staircase to the Ecumenical Temple.
  6457 | D:6      | Noticed Sigmund
  6466 | D:6      | XOM: chaos upgrade
  6634 | D:6      | XOM: give mutation
  6634 | D:6      | Gained mutation: You occasionally shout uncontrollably at
                  | your foes. [Xom's mischief]
  6744 | Temple   | Entered the Ecumenical Temple
  6848 | Temple   | Fell from the grace of Xom
  6848 | Temple   | Became a worshipper of Sif Muna the Loreminder
  7216 | D:6      | XOM: torment (30/57 hp)
  7395 | D:6      | XOM: summons 4 hostile demons
  7506 | D:6      | Killed Sigmund
  7507 | D:6      | Reached XP level 9. HP: 57/62 MP: 11/16
  7544 | D:6      | XOM: stat loss: -1 Int (24/25)
  7712 | D:6      | XOM: summons 2 hostile shadow creatures
  7936 | D:7      | Found a runed translucent door.
  7937 | D:7      | Noticed Crazy Yiuf
  7984 | D:7      | XOM: give mutation
  7984 | D:7      | Gained mutation: You are frail. (-10% HP) [Xom's mischief]
  8041 | D:7      | Reached skill level 9 in Conjurations
  8124 | D:7      | Found a sand-covered staircase.
  8129 | Ossuary  | Entered an ossuary
  8210 | Ossuary  | XOM: summons 1 hostile demon
  8316 | Ossuary  | Reached * piety under Sif Muna
  8423 | Ossuary  | XOM: noise
  8625 | Ossuary  | XOM: summons 1 hostile demon
  8837 | Ossuary  | XOM: give mutations
  8837 | Ossuary  | Gained mutation: You are strong-willed. (Will+) [Xom's
                  | mischief]
  8837 | Ossuary  | Lost mutation: You are frail. (-10% HP) [Xom's mischief]
  8837 | Ossuary  | Gained mutation: Your magical capacity is low. (-10% MP)
                  | [Xom's mischief]
  9438 | D:7      | Noticed Harold
  9458 | D:7      | Killed Harold
  9459 | D:7      | Reached skill level 10 in Conjurations
  9512 | D:7      | HP: 2/59 [water moccasin (2)]
  9516 | D:7      | Reached XP level 10. HP: 19/69 MP: 1/15
  9840 | D:7      | Reached ** piety under Sif Muna
 10148 | D:7      | XOM: give mutations
 10148 | D:7      | Lost mutation: You occasionally shout uncontrollably at
                  | your foes. [Xom's mischief]
 10148 | D:7      | Gained mutation: Your body sometimes deteriorates upon
                  | taking damage. [Xom's mischief]
 10148 | D:7      | Lost mutation: You are strong-willed. (Will+) [Xom's
                  | mischief]
 10148 | D:7      | Gained mutation: Your body often deteriorates upon taking
                  | damage. [Xom's mischief]
 10572 | D:7      | XOM: give mutation
 10572 | D:7      | Lost mutation: Your tail ends in a poisonous barb. [Xom's
                  | mischief]
 10783 | D:7      | Killed Crazy Yiuf
 11281 | D:8      | XOM: 2-stop teleportation journey
 11291 | D:8      | Reached skill level 11 in Conjurations
 11323 | D:8      | XOM: god gift: 47 gold pieces
 11449 | D:8      | Reached skill level 10 in Dodging
 11498 | D:8      | XOM: 5-stop teleportation journey
 11678 | D:8      | Noticed Gastronok
 11716 | D:8      | XOM: give mutations
 11716 | D:8      | Gained mutation: You occasionally shout uncontrollably at
                  | your foes. [Xom's mischief]
 11716 | D:8      | Lost mutation: Your magical capacity is low. (-10% MP)
                  | [Xom's mischief]
 11751 | D:8      | XOM: give mutations
 11751 | D:8      | Lost mutation: You occasionally shout uncontrollably at
                  | your foes. [Xom's mischief]
 11751 | D:8      | Gained mutation: You are frail. (-10% HP) [Xom's mischief]
 11751 | D:8      | Gained mutation: You occasionally shout uncontrollably at
                  | your foes. [Xom's mischief]
 11851 | D:8      | Killed Gastronok
 11852 | D:8      | Reached XP level 11. HP: 16/66 MP: 1/18
 12475 | D:8      | Found Yraelit's Distillery.
 12581 | D:9      | Found Sasyul's Magic Scroll Shoppe.
 12588 | D:9      | Bought a scroll of magic mapping for 45 gold pieces
 12634 | D:9      | Found a flagged portal.
 12643 | Bailey   | XOM: noise
 12643 | Bailey   | Entered a bailey
 12652 | Bailey   | Reached *** piety under Sif Muna
 12657 | Bailey   | Reached skill level 12 in Conjurations
 12699 | Bailey   | XOM: 1-stop teleportation journey
 12865 | Bailey   | Noticed an orc knight
 12879 | Bailey   | XOM: chaos upgrade
 13068 | Bailey   | Killed an orc knight
 13386 | D:9      | XOM: noise
 13415 | D:9      | XOM: silly message
 13415 | D:9      | Was forgiven by Xom
 13421 | D:9      | Lost mutation: You are dopey. (Int -2) [potion of mutation]
 13421 | D:9      | Lost mutation: You are frail. (-10% HP) [potion of
                  | mutation]
 13421 | D:9      | Lost mutation: Your body often deteriorates upon taking
                  | damage. [potion of mutation]
 13421 | D:9      | Gained mutation: You are weak. (Str -2) [potion of
                  | mutation]
 13421 | D:9      | Gained mutation: You have a pair of small horns on your
                  | head. [potion of mutation]
 13421 | D:9      | Gained mutation: You are robust. (+10% HP) [potion of
                  | mutation]
 13849 | D:9      | Reached **** piety under Sif Muna
 14015 | D:9      | Reached skill level 1 in Invocations
 14487 | D:10     | Entered Level 10 of the Dungeon
 14621 | D:10     | Found a staircase to the Orcish Mines.
 14621 | D:10     | Noticed an orc knight
 14634 | D:10     | HP: 3/81 [orc knight/+0 great mace (26)]
 14634 | D:10     | Demolished by an orc warrior

Illustrated notes

Levels and vault maps discovered:
D:1:      dpeg_arrival_water_temple_mockup, layout_loops_corners
D:2:      layout_rooms
D:3:      layout_rooms, serial_shops, shop, shop, shop, shop_fountains, shop,
          chequers_arboretum, minmay_misc_feat_nine_boxes
D:4:      layout_basic, gammafunk_ghost_icy, uniq_natasha
D:5:      layout_loops_ring, kennysheep_mini_moat, serial_shops, shop,
          minmay_diced_spiral
D:6:      layout_basic, minmay_temple_entry_wispy, trog_ov_bears_minmay,
          uniq_prince_ribbit1, uniq_sigmund
D:7:      minmay_chambers_of_fours, layout_gridville, enter_ossuary_5,
          lemuel_flame_loot_1, uniq_crazy_yiuf_cottage, uniq_harold
D:8:      layout_gridville, serial_shops, shop, uniq_gastronok
D:9:      layout_loops_cross, enter_bailey_3, serial_shops, shop_scrolls
D:10:     layout_gridville, orc_david_3
Temple:   nicolae_temple_the_god_donut

Skill      XL: |  1  2  3  4  5  6  7  8  9 10 11 |
---------------+----------------------------------+-----
Stealth        | 2 3 4 |  4.2
Dodging        | 2 3 5 7 8 10 11 | 11.2
Spellcasting   | 3 4 |  4.9
Conjurations   | 5 6 8 10 11 12 | 12.5
Invocations    | 2 |  2.0

Action                   |  1- 3 |  4- 6 |  7- 9 | 10-12 || total
-------------------------+-------+-------+-------+-------++-------
Melee: Unarmed           |    16 |       |       |       ||    16
       Staff             |     2 |       |   118 |    11 ||   131
       Tailslap          |       |       |    14 |     2 ||    16
       Quarterstaff      |       |       |       |    32 ||    32
       Headbutt          |       |       |       |     1 ||     1
Throw: Throwing net      |       |       |       |     1 ||     1
 Cast: Magic Dart        |    80 |    84 |    22 |     9 ||   195
       Searing Ray       |     2 |    10 |    66 |    79 ||   157
 Abil: Breathe Dispellin |       |       |     5 |     2 ||     7
Evoke: Wand              |       |       |       |     1 ||     1
  Use: Scroll            |       |       |    14 |     3 ||    17
       Potion            |       |       |     1 |     5 ||     6
 Stab: Sleeping          |       |       |     1 |     1 ||     2
Armor: Skin              |     7 |     2 |    70 |    47 ||   126
Dodge: Dodged            |     8 |     5 |   163 |   124 ||   300

Table legend: (Time is in decaauts)
 A = Elapsed time spent in this place.
 B = Non-inter-level travel time spent in this place.
 C = Inter-level travel time spent in this place.
 D = Time resting spent in this place.
 E = Time spent auto-exploring this place.
 F = Levels seen in this place.
 G = Mean time per level.
                   A        B        C        D        E       F      G
               +--------+--------+--------+--------+--------+-----+--------+
         Total |  14682 |  14466 |    216 |    723 |  11561 |  13 | 1129.4 |
       Dungeon |  12815 |  12622 |    193 |    721 |  10201 |  10 | 1281.5 |
        Temple |    128 |    105 |     23 |      0 |      0 |   1 |  128.0 |
       Ossuary |   1002 |   1002 |      0 |      0 |    803 |   1 | 1002.0 |
        Bailey |    735 |    735 |      0 |      2 |    557 |   1 |  735.0 |
               +--------+--------+--------+--------+--------+-----+--------+

Top non-repeatable levels by time:
     D:7: 2205 daAuts
     D:6: 1860 daAuts
     D:8: 1481 daAuts
     D:5: 1450 daAuts
     D:1: 1442 daAuts
     D:9: 1209 daAuts
     D:4: 1159 daAuts
 Ossuary: 1002 daAuts
     D:3: 968 daAuts
     D:2: 892 daAuts
  Bailey: 735 daAuts
    D:10: 146 daAuts
  Temple: 128 daAuts
